 Dungeon Crawl Stone Soup version 0.29-a0-2-g12fcac58f8 (webtiles) character file.

Game seed: 14612750005069807386

559260 snarfax the Conqueror (level 25, -4/257 HPs)
             Began as a Minotaur Fighter on Jan 25, 2022.
             Was the Champion of Jiyva.
             Killed from afar by a Killer Klown (37 damage)
             ... with a klown pie
             ... on level 5 of the Realm of Zot on Jan 26, 2022.
             The game lasted 04:23:14 (60535 turns).

snarfax the Conqueror (Minotaur Fighter)           Turns: 60535, Time: 04:23:15

Health: -4/257     AC: 44    Str: 23    XL:     25   Next: 29%
Magic:  24/24      EV: 22    Int:  5    God:    Jiyva [******]
Gold:   3455       SH:  0    Dex: 20    Spells: 24/24 levels left

rFire   + + .      SeeInvis .   V - +8 executioner's axe "Ofih" {vorpal, rElec rC+ Will++ Str-2}
rCold   + + +      Faith    .   (shield currently unavailable)
rNeg    + . .      Spirit   .   d - +0 gold dragon scales
rPois   +          Reflect  .   (helmet unavailable)
rElec   +          Harm     .   g - +2 cloak
rCorr   +          Rampage  .   S - +2 pair of gloves {Dex+3}
Will    +++++      Clarity  +   u - +2 pair of boots
Stlth   ..........              c - amulet "Pukeoroh" {rC+ rN+ Regen+}
HPRegen 2.92/turn               Z - ring "Goenk" {rC+ Str-3 Slay+6}
MPRegen 0.69/turn               B - ring of the Tortoise {AC+8}

@: about to teleport, unable to drink
A: horns 3, retaliatory headbutt, hooves 1, agile 2, clarity, dopey 1, fire
resistance 1, high mp 1, strong-willed 3, mutation resistance 2, wild magic 1,
gelatinous body 3, pseudopods 1
}: 3/15 runes: decaying, slimy, gossamer
a: Renounce Religion, Oozemancy, Slimify


You were on level 5 of the Realm of Zot.
You worshipped Jiyva.
Jiyva was exalted by your worship.
You visited 10 branches of the dungeon, and saw 52 of its levels.
You visited the Abyss 1 time.
You also visited: Sewer and Desolation.

You collected 6552 gold pieces.
You spent 3097 gold pieces at shops.

Inventory:

Hand Weapons
 o - a +4 broad axe of electrocution
 x - a +5 battleaxe of freezing
 F - the +8 scimitar of Hubris {vorpal, Str+3}
   (You took it off a purple draconian on level 1 of the Realm of Zot)

   It inflicts extra damage upon your enemies.
   Str:       It affects your strength (+3).
 Q - the +7 spear of an ossuary {vorpal, Dex+5}
   (You found it on level 6 of the Lair of Beasts)

   It inflicts extra damage upon your enemies.
   Dex:       It affects your dexterity (+5).
 V - the +8 executioner's axe "Ofih" (weapon) {vorpal, rElec rC+ Will++ Str-2}
   (You found it on level 3 of the Swamp)

   It inflicts extra damage upon your enemies.
   Str:       It affects your strength (-2).
   rC:        It protects you from cold.
   rElec:     It insulates you from electricity.
   Will:      It greatly increases your willpower.
Armour
 d - +0 gold dragon scales (worn)
 g - a +2 cloak (worn)
 l - a +1 kite shield of positive energy
 u - a +2 pair of boots (worn)
 z - +0 storm dragon scales
 G - the +5 plate armour "Innus" {rPois rN+ Str-4 Int+7}
   (You bought it in a shop on level 2 of the Orcish Mines)

   Str:       It affects your strength (-4).
   Int:       It affects your intelligence (+7).
   rPois:     It protects you from poison.
   rN:        It protects you from negative energy.
 L - a +2 plate armour of fire resistance
 R - a +0 tower shield
 S - a +2 pair of gloves of dexterity (worn)
Jewellery
 a - a ring of see invisible
 c - the amulet "Pukeoroh" (around neck) {rC+ rN+ Regen+}
   (You found it in the Desolation of Salt)

   [amulet of regeneration]

   rC:        It protects you from cold.
   rN:        It protects you from negative energy.
   Regen:     It increases your rate of health regeneration.
 n - a ring of flight
 p - the ring of Rimumy {Contam rElec rCorr AC+4}
   (You found it in the Desolation of Salt)

   [ring of protection]

   AC:        It affects your AC (+4).
   rElec:     It insulates you from electricity.
   Contam:    It causes magical contamination when unequipped.
   rCorr:     It protects you from acid and corrosion.
 q - the ring of Dogma {rC+ Will+ MP+9 Dex+7}
   (You found it on level 3 of the Elven Halls)

   [ring of magical power]

   Dex:       It affects your dexterity (+7).
   rC:        It protects you from cold.
   MP:        It affects your magic capacity (+9).
   Will:      It increases your willpower.
 w - the amulet "Jimueticia" {Acrobat rElec Will+ MP+9 Stlth-}
   (You found it in the Desolation of Salt)

   [amulet of the acrobat]

   It increases your evasion while moving and waiting.
   rElec:     It insulates you from electricity.
   MP:        It affects your magic capacity (+9).
   Will:      It increases your willpower.
   Stlth:     It makes you less stealthy.
 y - a +6 ring of intelligence
 A - the ring "Hiexkopa" {rF+ rC- rN+ rCorr Str+7}
   (You found it in the Desolation of Salt)

   [ring of positive energy]

   Str:       It affects your strength (+7).
   rF:        It protects you from fire.
   rC:        It makes you vulnerable to cold.
   rN:        It protects you from negative energy.
   rCorr:     It protects you from acid and corrosion.
 B - the ring of the Tortoise (right hand) {AC+8}
   (You bought it in a shop on level 1 of the Depths)

   [ring of protection]

   AC:        It affects your AC (+8).
 D - the ring of Harmony {Ice Str+4 Int-3 Dex+9}
   (You found it in the Desolation of Salt)

   [ring of ice]

   It enhances your ice magic.
   Str:       It affects your strength (+4).
   Int:       It affects your intelligence (-3).
   Dex:       It affects your dexterity (+9).
   rF:        It makes you vulnerable to fire.
   rC:        It protects you from cold.
 K - the ring "Xoedi" {Fire Will+}
   (You found it in the Desolation of Salt)

   [ring of fire]

   It enhances your fire magic.
   rF:        It protects you from fire.
   rC:        It makes you vulnerable to cold.
   Will:      It increases your willpower.
 W - the ring of Demons {rElec Will+}
   (You found it on level 3 of the Depths)

   [ring of willpower]

   rElec:     It insulates you from electricity.
   Will:      It increases your willpower.
 Z - the ring "Goenk" (left hand) {rC+ Str-3 Slay+6}
   (You found it on level 5 of the Pits of Slime)

   [ring of protection from cold]

   Str:       It affects your strength (-3).
   Slay:      It affects your accuracy & damage with ranged weapons and melee
   (+6).
   rC:        It protects you from cold.
Wands
 b - a wand of iceblast (36)
 J - a wand of flame (17) (quivered)
 O - a wand of digging (21)
 U - a wand of acid (14)
Scrolls
 h - 2 scrolls of acquirement
 i - 5 scrolls of magic mapping
 k - 8 scrolls of teleportation
 m - 4 scrolls of silence
 r - 2 scrolls of brand weapon
 s - 4 scrolls of fear
 H - 2 scrolls of blinking
 I - 4 scrolls of fog
 Y - 4 scrolls of enchant weapon
Potions
 e - 5 potions of haste
 f - 7 potions of curing
 j - 5 potions of cancellation
 t - 7 potions of flight
 E - a potion of invisibility
 M - 3 potions of berserk rage
 N - 3 potions of might
 P - 2 potions of resistance
 T - 2 potions of heal wounds
 X - a potion of mutation
Miscellaneous
 C - a phantom mirror


   Skills:
 O Level 27 Fighting
 O Level 27 Axes
 O Level 27 Armour
 + Level 26.4 Dodging
 - Level 5.8 Shields


You had 24 spell levels left.
You didn't know any spells.
Your spell library contained the following spells:

 Spells                   Type           Power      Damage    Failure   Level
 Freeze                   Ice            0%         1d3       99%         1
 Magic Dart               Conj           0%         1d3       99%         1
 Summon Small Mammal      Summ           0%         N/A       99%         1
 Blink                    Tloc           0%         N/A       100%        2
 Corpse Rot               Necr/Air       0%         N/A       100%        2
 Poisonous Vapours        Pois/Air       0%         N/A       100%        2
 Scorch                   Fire           0%         2d5       100%        2
 Searing Ray              Conj           0%         2d4       100%        2
 Static Discharge         Conj/Air       0%         N/A       100%        2
 Sublimation of Blood     Necr           0%         N/A       100%        2
 Wereblood                Tmut           0%         N/A       100%        2
 Call Canine Familiar     Summ           0%         N/A       100%        3
 Conjure Flame            Conj/Fire      0%         6-21      100%        3
 Ignite Poison            Fire/Tmut/Pois 0%         N/A       100%        3
 Lesser Beckoning         Tloc           0%         N/A       100%        3
 Portal Projectile        Hex/Tloc       0%         N/A       100%        3
 Stone Arrow              Conj/Erth      0%         3d7       100%        3
 Summon Guardian Golem    Hex/Summ       0%         N/A       100%        3
 Swiftness                Air            0%         N/A       100%        3
 Tukima's Dance           Hex            0%         N/A       100%        3
 Animate Armour           Summ/Erth      0%         N/A       100%        4
 Cause Fear               Hex            0%         N/A       100%        4
 Dispel Undead            Necr           0%         3d6       100%        4
 Fulminant Prism          Conj/Hex       0%         3d6       100%        4
 Iskenderun's Mystic Bla  Conj/Tloc      0%         2d3       100%        4
 Leda's Liquefaction      Hex/Erth       0%         N/A       100%        4
 Olgreb's Toxic Radiance  Pois           0%         N/A       100%        4
 Passage of Golubria      Tloc           0%         N/A       100%        4
 Sticky Flame             Conj/Fire      0%         2d3       100%        4
 Alistair's Intoxication  Tmut/Pois      0%         N/A       100%        5
 Blade Hands              Tmut           0%         N/A       100%        5
 Borgnjor's Vile Clutch   Necr/Erth      0%         N/A       100%        5
 Excruciating Wounds      Necr           0%         N/A       100%        5
 Freezing Cloud           Conj/Ice/Air   0%         6-21      100%        5
 Iskenderun's Battlesphe  Conj           0%         2d6       100%        5
 Lee's Rapid Deconstruct  Erth           0%         3d5*      100%        5
 Manifold Assault         Tloc           0%         N/A       100%        5
 Yara's Violent Unravell  Hex/Tmut       0%         3d3       100%        5
 Conjure Ball Lightning   Conj/Air       0%         3x3d6     100%        6
 Death Channel            Necr           0%         N/A       100%        6
 Eringya's Noxious Bog    Tmut/Pois      0%         N/A       100%        6
 Iron Shot                Conj/Erth      0%         9d1       100%        6
 Simulacrum               Ice/Necr       0%         N/A       100%        6
 Haunt                    Necr/Summ      0%         N/A       100%        7
 Orb of Destruction       Conj           0%         9d5       100%        7
 Ozocubu's Refrigeration  Ice            0%         4d5       100%        7
 Summon Hydra             Summ           0%         N/A       100%        7
 Ignition                 Fire           0%         3d3       100%        8
 Lehudib's Crystal Spear  Conj/Erth      0%         10d2      100%        8
 Chain Lightning          Conj/Air       0%         N/A       100%        9
 Fire Storm               Conj/Fire      0%         5d1       100%        9
 Polar Vortex             Ice            0%         N/A       100%        9
 Shatter                  Erth           0%         3d5*      100%        9


Dungeon Overview and Level Annotations

Branches:
Dungeon (15/15)            Temple (0/1) D:4            Lair (6/6) D:11
  Swamp (4/4) Lair:4       Spider (4/4) Lair:3        Slime (5/5) Lair:6
    Orc (2/2) D:10            Elf (3/3) Orc:2        Vaults (4/5) D:14
  Crypt (0/3) Vaults:3     Depths (4/4) D:15            Zot (5/5) Depths:4
  Sewer (visited)         Desolation (visited)

Altars:
Ashenzari
Cheibriados
Dithmenos
Fedhas
Gozag
Kikubaaqudgha
Makhleb
Okawaru
Qazlal
Trog
Vehumet
Wu Jian
Xom
Yredelemnul
The Shining One
Beogh
Jiyva

Shops:
D:3 :   D:4 ?   D:9 (*(   Orc:2 *[=!   Elf:3 *?*   Vaults:4 :   Depths:1 :==
Depths:4 !

Portals:
Hell: Depths:1 Depths:2 Depths:3 Depths:4
Abyss: Depths:2 Depths:3
Pandemonium: Depths:2 Depths:3
Ziggurat: Depths:2

Annotations:
Lair:1 3 runed translucent doors, soggyman666's ghost, journeyman DjSu
Lair:6 3 runed translucent doors, poover's ghost, journeyman GrEE
Spider:3 Mlioglotl
Slime:5 Royal Jelly
Zot:1 4 transporters


Innate Abilities, Weirdness & Mutations

You have a pair of large horns on your head.
You reflexively headbutt those who attack you in melee.
You have large cloven feet.
You are very agile. (Dex +4)
You possess an exceptional clarity of mind.
You are dopey. (Int -2)
Your flesh is heat resistant. (rF+)
You have an increased reservoir of magic. (+10% MP)
You are extremely strong-willed. (Will+++)
You are somewhat resistant to both further mutation and mutation removal.
Your spells are a little harder to cast, but a little more powerful.
Your gelatinous body deflects attacks. (AC +3, EV +3)
Armour fits poorly on your pseudopods.


Message History

The Killer Klown tickles you but does no damage.
Blink to where?
Press: ? - help, Dir - move target
As you read the scroll of blinking, it crumbles to dust.
The electric golem blinks!
As you read the scroll of summoning, it crumbles to dust.
Wisps of shadow whirl around you...
The Killer Klown blinks!
The Killer Klown elbows your moth of wrath with a +12 vampiric club!
The Killer Klown blinks! x2
The Killer Klown pies you viciously! The klown pie misses you.
The Killer Klown blinks!
Your moth of wrath bites the Killer Klown!!
Your moth of wrath infuriates the Killer Klown!
The Killer Klown goes berserk!
Your storm dragon breathes lightning at the Killer Klown.
The bolt of lightning hits the Killer Klown!!
Your curse toe gestures.
You hear a loud "Zot"!
The Killer Klown blinks!
The Killer Klown disappears!
Your moth of wrath bites the Orb Guardian.
Your moth of wrath infuriates the Orb Guardian!
The Orb Guardian goes berserk!
Your wandering mushroom barely misses the Orb Guardian.
The Orb Guardian hits your moth of wrath.
The electric golem crackles and sizzles.
The electric golem blinks!
Your moth of wrath goads your storm dragon on!
Your storm dragon goes berserk!
Your moth of wrath goads your tentacled monstrosity on!
Your tentacled monstrosity goes berserk!
The Killer Klown blinks!
The Orb Guardian hits your moth of wrath!!!
Your moth of wrath dies!
Your moth of wrath's corpse dissolves into shadows!
You hear a shout!
Your wandering mushroom completely misses the Orb Guardian.
The Killer Klown pies you viciously! The klown pie hits you!!!
Lemon!
You feel your inability to drink will last longer.
You die...

*▓▓▓▓▓▓▓▓▓▓▓▓▓▓
▓▓▓▓.............▓▓▓▓
▓▓▓....^..............▓▓
▓......................▓*
................@.......*
.........f.f............*
.........f..§..p.^.....▓*
....).§..§fX...9....^.▓▓
qd.........z.........▓▓
.......§..............▓*
^..........DXp§........▓*
.............^.....^....*
..^....................,*


You could see 2 Killer Klowns, an electric golem, an Orb Guardian (berserk, ally
target), a friendly tentacled monstrosity (summoned, berserk), a friendly storm
dragon (summoned, berserk), a friendly curse toe (summoned), a friendly deathcap
(summoned) and 3 friendly wandering mushrooms.

Vanquished Creatures
  2 dread liches (Zot:5)
  7 orbs of fire
  4 ancient liches
  2 juggernauts (Depths:4)
  5 Killer Klowns (Zot:5)
  A curse toe (Zot:3)
  A caustic shrike (Depths:2)
  14 golden dragons
  An electric golem (Zot:5)
  A walking crystal tome (Depths:4)
  3 liches
  11 tentacled monstrosities
  Jorgrun (D:12)
  22 Orb Guardians (Zot:5)
  A titan (Depths:2)
  2 walking frostbound tomes (Depths:3)
  2 deep elf master archers (Elf:3)
  3 deep elf blademasters
  13 quicksilver dragons
  A walking divine tome (Depths:4)
  6 death cobs
  A tengu reaver (Vaults:3)
  2 sphinxes (Vaults:3)
  Roxanne (Elf:3)
  Agnes (Elf:1)
  11 storm dragons
  9 shadow dragons
  2 fenstrider witches
  12 draconian knights
  3 frost giants
  8 fire giants
  6 draconian monks
  5 emperor scorpions
  2 orc warlords
  7 vault wardens
  An iron dragon (Zot:2)
  2 imperial myrmidons (Desolation)
  5 draconian scorchers
  4 deep elf sorcerers
  A ghost moth (Zot:1)
  14 ironbound preservers
  3 deep elf elementalists (Elf:3)
  10 draconian shifters
  3 ghouls (Swamp:3)
  11 stone giants
  5 draconian annihilators
  7 broodmothers (Spider:4)
  5 draconian stormcallers
  19 very ugly things
  4 war gargoyles
  Nessos (D:12)
  A vampire knight (Depths:4)
  4 eleionomae
  9 deep elf demonologists
  6 ironbound thunderhulks
  17 green draconians
  10 deep elf annihilators
  12 black draconians
  A halazid warlock (Desolation)
  16 yellow draconians
  7 bunyips
  2 entropy weavers
  6 spark wasps
  6 dire elephants (Vaults:2)
  16 white draconians
  11 red draconians
  22 purple draconians
  A blizzard demon (Depths:3)
  A green death (Depths:2)
  8 deep elf death magi
  12 fire dragons
  An iron golem (Depths:1)
  3 jiangshi (Depths:1)
  8 ettins
  9 ragged hierophants
  4 crystal guardians
  9 yaktaur captains
  5 deep elf high priests
  2 shambling mangroves
  2 rakshasas
  A great orb of eyes (Abyss:4)
  12 servants of whispers (Desolation)
  2 jorogumos
  2 spriggan air magi
  22 hydras
  5 vault guards
  7 ice dragons
  7 ghost crabs
  6 boulder beetles
  10 peacekeepers
  18 centaur warriors
  11 ironbound frosthearts
  3 radroaches
  A death knight (D:13)
  4 catoblepae
  6 two-headed ogres
  3 death yaks (Lair:6)
  30 dancing weapons
  6 deep troll shamans
  An orc high priest (Elf:3)
  11 alligators
  A vampire mage (Depths:1)
  4 deep troll earth magi
  8 tengu warriors
  A thrashing horror (Abyss:4)
  4 spriggan berserkers
  5 hell knights (Depths:4)
  14 spriggans
  20 deep elf knights
  A sun demon (Depths:3)
  A fire crab (Swamp:4)
  8 iron trolls
  6 pharaoh ants
  4 skeletal warriors (D:15)
  A soul eater (Depths:2)
  3 sun moths
  5 goliath frogs
  4 spriggan druids
  3 steelbarb worms
  12 deep elf archers
  13 ironbound convokers
  7 orb spiders
  47 deep trolls
  13 swamp dragons
  12 bog bodies
  4 flayed ghosts
  7 wizards
  A wolf spider zombie (D:14)
  6 lindwurms
  3 harpies (Vaults:2)
  A necromancer (Depths:1)
  9 orc knights
  42 ugly things
  36 deep elf zephyrmancers
  11 orc sorcerers
  38 deep elf pyromancers
  A frost giant zombie (Depths:1)
  12 wolf spiders
  6 will-o-the-wisps
  A stone giant zombie (Depths:1)
  3 cyclopes
  6 black mambas
  27 moths of wrath
  18 elephants
  2 guardian serpents (Desolation)
  2 rust devils (Depths:2)
  2 smoke demons
  6 spectral spriggans (Swamp:3)
  12 vault sentinels
  2 gargoyles
  2 orange demons (Depths:2)
  A storm dragon simulacrum (Depths:1)
  9 torpor snails
  9 cane toads
  6 komodo dragons
  An unseen horror (D:8)
  17 yaktaurs
  4 rime drakes
  An efreet (D:13)
  8 demonic crawlers
  2 hellwings (Depths:3)
  6 tengu conjurers
  5 freezing wraiths
  2 ice devils
  A red devil (Depths:2)
  10 tyrant leeches
  8 trolls
  2 polar bears
  13 meliai
  A raiju (shapeshifter) (D:15)
  70 saltlings
  2 spriggan zombies (Depths:1)
  23 hornets
  26 tarantellas
  26 blink frogs
  2 dream sheep (Lair:6)
  2 meliai zombies (D:14)
  Sigmund (D:4)
  25 culicivoras
  15 jumping spiders
  A shadow (D:10)
  3 air elementals
  A wyvern (Lair:4)
  17 yaks
  3 fire elementals
  9 humans (D:14)
  2 wraiths (D:13)
  2 basilisks
  2 fire bats (Swamp:4)
  10 water elementals
  5 steam dragons (Swamp:4)
  46 redbacks
  A neqoxec (Depths:2)
  15 vampire mosquitoes
  19 swamp worms
  8 wargs
  14 water moccasins
  2 acid dragons
  22 orc warriors
  A black bear (shapeshifter) (D:13)
  4 hornet zombies
  2 ice beasts
  12 swamp drakes
  2 black bears
  10 wolves
  6 ogres
  6 boggarts
  8 centaurs
  2 phantoms
  4 kobold brigands
  12 bullfrogs
  4 earth elementals
  3 scorpions
  3 gnoll sergeants
  A wyvern skeleton (D:5)
  A hornet simulacrum (D:12)
  13 wights
  9 killer bees
  3 electric eels
  11 centaur zombies
  2 jellies
  Crazy Yiuf (D:5)
  10 orc priests
  A gnoll shaman (D:8)
  3 hounds (D:5)
  A centaur skeleton (D:7)
  4 iguanas
  42 orc wizards
  17 gnolls
  5 adders
  2 white imps (D:6)
  An ufetubus (D:5)
  4 dart slugs
  65 orcs
  3 endoplasms
  6 giant cockroaches
  8 hobgoblins
  4 quokkas
  4 ball pythons
  4 bats
  5 goblins
  23 kobolds
  12 rats
1928 creatures vanquished.

Vanquished Creatures (collateral kills)
  An emperor scorpion (Spider:1)
  A deep elf pyromancer (Vaults:1)
  A wolf spider (Spider:1)
  A ynoxinul (Abyss:2)
  A small abomination (Abyss:2)
5 creatures vanquished.

Vanquished Creatures (others)
  A fire giant (Vaults:3)
  2 great orbs of eyes (Depths:1)
  A peacekeeper (Vaults:2)
  A tengu warrior (Depths:1)
  2 alligators (Swamp:3)
  2 glowing orange brains
  2 lindwurms
  A deep elf archer (Elf:3)
  A deep elf pyromancer (Elf:2)
  A shining eye (shapeshifter) (Vaults:1)
  2 vault sentinels
  2 yaktaurs (Vaults:4)
  5 bloated husks
  19 slime creatures
  2 tarantellas (Spider:4)
  A spriggan (shapeshifter) (Vaults:1)
  A fire bat (Swamp:4)
  A steam dragon (Swamp:4)
  4 swamp drakes
  An orc warrior (Elf:3)
  A boggart (D:14)
  A centaur (D:12)
  A bullfrog (Lair:5)
  226 jellies
  An orc wizard (Elf:3)
  2 orcs
  27 foxfires
  73 fungi
  140 plants
524 creatures vanquished.

Grand Total: 2457 creatures vanquished

Notes
Turn   | Place    | Note
-------+----------+-------------------------------------------
     0 | D:1      | snarfax the Minotaur Fighter began the quest for the Orb.
     0 | D:1      | Reached XP level 1. HP: 19/19 MP: 0/0
   262 | D:1      | Reached XP level 2. HP: 27/27 MP: 1/1
   326 | D:1      | Found a faded altar of an unknown god.
  1135 | D:2      | Reached XP level 3. HP: 29/33 MP: 2/2
  1926 | D:3      | Found Judist's Book Shop.
  2085 | D:3      | Reached XP level 4. HP: 40/40 MP: 3/3
  2121 | D:3      | Noticed a water moccasin
  2127 | D:3      | Killed a water moccasin
  2128 | D:3      | Reached XP level 5. HP: 47/47 MP: 4/4
  2389 | D:3      | Found a radiant altar of Vehumet.
  2809 | D:4      | Noticed an ogre
  2809 | D:4      | Found a staircase to the Ecumenical Temple.
  2817 | D:4      | Killed an ogre
  2818 | D:4      | Reached skill level 5 in Fighting
  2818 | D:4      | Reached skill level 5 in Armour
  2818 | D:4      | Reached skill level 5 in Shields
  2818 | D:4      | Reached XP level 6. HP: 49/56 MP: 5/5
  2858 | D:4      | Found Dejiagg's Magic Scroll Emporium.
  2877 | D:4      | Bought a scroll of blinking for 97 gold pieces
  2877 | D:4      | Bought a scroll of teleportation for 39 gold pieces
  3116 | D:4      | Noticed Sigmund
  3132 | D:4      | Killed Sigmund
  3306 | D:4      | Reached skill level 5 in Axes
  3306 | D:4      | Reached XP level 7. HP: 32/62 MP: 6/6
  3610 | D:4      | Found a glowing golden altar of the Shining One.
  3910 | D:5      | Entered Level 5 of the Dungeon
  4145 | D:5      | Found a runed translucent door.
  4146 | D:5      | Noticed Crazy Yiuf
  4154 | D:5      | Killed Crazy Yiuf
  4689 | D:6      | Found a glowing drain.
  4693 | Sewer    | Entered a sewer
  4770 | Sewer    | Reached XP level 8. HP: 68/70 MP: 7/7
  4847 | Sewer    | Found a white marble altar of Elyvilon.
  5953 | D:6      | Reached XP level 9. HP: 82/82 MP: 8/8
  7611 | D:8      | Noticed a two-headed ogre
  7624 | D:8      | Killed a two-headed ogre
  7881 | D:8      | Killed an unseen horror
  7882 | D:8      | Reached skill level 10 in Fighting
  7882 | D:8      | Reached skill level 10 in Armour
  8333 | D:9      | Found Foph's Antique Weapon Shop.
  8339 | D:9      | Bought a runed battleaxe for 218 gold pieces
  8469 | D:9      | Reached XP level 10. HP: 92/93 MP: 9/9
  8493 | D:9      | Cast into level 1 of the Abyss (orc wizard)
  8538 | Abyss:2  | Noticed a worldbinder
  8542 | Abyss:2  | Noticed a black mamba
  8553 | Abyss:2  | Noticed a black mamba
  8557 | Abyss:2  | Noticed a mana viper
  8558 | Abyss:2  | Noticed a black mamba
  8558 | Abyss:2  | Noticed a black mamba
  8567 | Abyss:2  | Noticed a white draconian
  8602 | Abyss:4  | Noticed a thrashing horror
  8604 | Abyss:4  | Noticed a smoke demon
  8609 | Abyss:4  | Killed a thrashing horror
  8614 | Abyss:4  | Killed a smoke demon
  8623 | Abyss:4  | Noticed a great orb of eyes
  8632 | Abyss:4  | Killed a great orb of eyes
  8635 | D:9      | Escaped the Abyss
  8661 | D:9      | Reached skill level 10 in Axes
  9208 | D:10     | Entered Level 10 of the Dungeon
  9349 | D:10     | Noticed a two-headed ogre
  9362 | D:10     | Killed a two-headed ogre
  9623 | D:10     | Found a staircase to the Orcish Mines.
  9721 | D:10     | Noticed a two-headed ogre
  9730 | D:10     | Killed a two-headed ogre
 10216 | D:10     | Found a bloodstained altar of Trog.
 10220 | D:10     | Found a stormy altar of Qazlal.
 10375 | D:10     | Found a shimmering altar of Xom.
 10764 | D:10     | Found an ancient bone altar of Kikubaaqudgha.
 10765 | D:10     | Found a burning altar of Makhleb.
 10766 | D:10     | Found a broken altar of Ashenzari.
 10766 | D:10     | Found an iron altar of Okawaru.
 10766 | D:10     | Found an ornate altar of the Wu Jian Council.
 10766 | D:10     | Found an opulent altar of Gozag.
 10769 | D:10     | Found a blossoming altar of Fedhas.
 10771 | D:10     | Found a shadowy altar of Dithmenos.
 10890 | D:9      | Found Heirghih's Assorted Antiques.
 10921 | D:9      | Found Vingyrui's Antique Weapon Shoppe.
 11671 | D:11     | Found a staircase to the Lair.
 11682 | Lair:1   | Entered Level 1 of the Lair of Beasts
 11767 | D:11     | Noticed a gargoyle
 11779 | D:11     | Killed a gargoyle
 12138 | D:11     | Noticed a two-headed ogre
 12140 | D:11     | Noticed a two-headed ogre
 12507 | D:11     | Killed a two-headed ogre
 12750 | D:11     | Killed a two-headed ogre
 12751 | D:11     | Reached XP level 11. HP: 48/104 MP: 10/10
 13038 | D:11     | Noticed a boulder beetle
 13048 | D:11     | Killed a boulder beetle
 13744 | D:12     | Noticed Jorgrun
 14055 | Orc:1    | Entered Level 1 of the Orcish Mines
 14322 | Orc:2    | Entered Level 2 of the Orcish Mines
 14334 | Orc:1    | Noticed an orc warlord
 14335 | Orc:1    | Noticed an orc knight
 14342 | Orc:1    | Noticed an orc sorcerer
 14353 | Orc:2    | Noticed a two-headed ogre
 14369 | Orc:2    | Killed a two-headed ogre
 14446 | Orc:2    | Noticed an orc sorcerer
 14555 | Orc:2    | Killed an orc sorcerer
 14662 | Orc:2    | Noticed an orc sorcerer
 14681 | Orc:2    | Killed an orc sorcerer
 14746 | Orc:2    | Noticed an orc sorcerer
 15132 | Orc:2    | Noticed an orc knight
 15419 | Orc:2    | Found a staircase to the Elven Halls.
 16316 | Orc:2    | Killed an orc knight
 16451 | Orc:2    | Noticed an orc sorcerer
 16455 | Orc:2    | Killed an orc sorcerer
 16458 | Orc:2    | Killed an orc sorcerer
 16459 | Orc:2    | Reached XP level 12. HP: 115/116 MP: 11/11
 16483 | Orc:2    | Found Noonaf's Distillery.
 16684 | Orc:2    | Found Nuczus's Jewellery Shop.
 17021 | Orc:2    | Found Qiuso's General Store.
 17021 | Orc:2    | Found Plog's Antique Armour Shoppe.
 17061 | Orc:2    | Bought a heavily runed plate armour for 616 gold pieces
 17061 | Orc:2    | Identified the +5 plate armour "Innus" {rPois rN+ Str-4
                  | Int+7} (You bought it in a shop on level 2 of the Orcish
                  | Mines)
 17905 | Lair:1   | Found a runed translucent gate.
 17906 | Lair:1   | Found a runed translucent gate.
 17907 | Lair:1   | Found a runed translucent gate.
 17908 | Lair:1   | Noticed a ten-headed hydra
 17908 | Lair:1   | Noticed soggyman666's ghost (journeyman DjSu)
 18264 | Lair:2   | Noticed an eight-headed hydra
 18307 | Lair:2   | Noticed a four-headed hydra
 18698 | Lair:2   | Killed a nine-headed hydra
 18719 | Lair:2   | Reached skill level 15 in Fighting
 18719 | Lair:2   | Reached skill level 15 in Armour
 18979 | Lair:2   | Noticed a four-headed hydra
 18980 | Lair:2   | Noticed a five-headed hydra
 19202 | Lair:3   | Found a hole to the Spider Nest.
 19564 | Lair:3   | Reached skill level 15 in Axes
 19578 | Lair:3   | Reached XP level 13. HP: 127/127 MP: 12/12
 20331 | Lair:4   | Got Hoigh's Compendium of Cloudy Heat
 20459 | Lair:4   | Found a staircase to the Swamp.
 20890 | Lair:6   | Entered Level 6 of the Lair of Beasts
 21101 | Lair:6   | Found a staircase to the Slime Pits.
 21102 | Lair:6   | Found a viscous altar of Jiyva.
 21104 | Lair:6   | Identified the +7 spear of an ossuary {vorpal, Dex+5}
 21850 | Lair:6   | Found a large runed translucent door.
 21850 | Lair:6   | Found a large runed translucent door.
 21854 | Lair:6   | Noticed poover's ghost (journeyman GrEE)
 21935 | Lair:6   | Found a runed translucent door.
 21981 | Lair:6   | Reached XP level 14. HP: 126/138 MP: 13/13
 22076 | Lair:6   | Paralysed by a hornet for 3 turns
 22495 | Lair:6   | Became a worshipper of Jiyva Josh the Shapeless
 22498 | Slime:1  | Entered Level 1 of the Pits of Slime
 22506 | Slime:1  | Noticed a quicksilver ooze
 22511 | Slime:1  | Noticed a quicksilver ooze
 22516 | Slime:1  | Noticed a quicksilver ooze
 22517 | Slime:1  | Noticed an acid blob
 22519 | Slime:1  | Noticed an azure jelly
 22554 | Slime:1  | Noticed an acid blob
 22729 | Slime:1  | Noticed an acid blob
 22774 | Slime:1  | Noticed an azure jelly
 22862 | Slime:2  | Noticed an acid blob
 22863 | Slime:2  | Found a viscous altar of Jiyva.
 23040 | Slime:3  | Noticed a rockslime
 23041 | Slime:3  | Noticed a rockslime
 23066 | Slime:3  | Noticed a quicksilver ooze
 23078 | Slime:3  | Noticed an acid blob
 23084 | Slime:3  | Noticed an azure jelly
 23142 | Slime:3  | Noticed a rockslime
 23165 | Slime:3  | Noticed an acid blob
 23434 | Slime:5  | Entered Level 5 of the Pits of Slime
 23469 | Slime:5  | Noticed an acid blob
 23479 | Slime:5  | Noticed an acid blob
 23500 | Slime:5  | Noticed an azure jelly
 23506 | Slime:5  | Noticed an acid blob
 23515 | Slime:5  | Noticed the Royal Jelly
 23515 | Slime:5  | Noticed an acid blob
 23526 | Slime:5  | Noticed a quicksilver ooze
 23590 | Slime:5  | Noticed a rockslime
 23592 | Slime:5  | Noticed an acid blob
 23623 | Slime:5  | Found a viscous altar of Jiyva.
 23672 | Slime:5  | Noticed an acid blob
 24337 | Lair:5   | Reached * piety under Jiyva
 25255 | D:12     | Killed Jorgrun
 25293 | D:12     | Noticed Nessos
 25494 | D:12     | Killed Nessos
 26359 | Orc:2    | Reached ** piety under Jiyva
 26521 | Orc:2    | Killed an orc warlord
 26567 | Orc:1    | Paralysed by an orc sorcerer for 5 turns
 27025 | Swamp:1  | Entered Level 1 of the Swamp
 27946 | Swamp:1  | Reached *** piety under Jiyva
 27973 | Swamp:1  | Reached XP level 15. HP: 138/155 MP: 14/14
 28381 | Swamp:1  | Gained mutation: You are robust. (+10% HP) [Jiyva's grace]
 28381 | Swamp:1  | Gained mutation: You are very robust. (+20% HP) [Jiyva's
                  | grace]
 28381 | Swamp:1  | Gained mutation: You are extremely robust. (+30% HP)
                  | [Jiyva's grace]
 28381 | Swamp:1  | Gained mutation: Your flesh is heat resistant. (rF+)
                  | [Jiyva's grace]
 28547 | Spider:1 | Entered Level 1 of the Spider Nest
 29829 | Spider:2 | Noticed an emperor scorpion
 29849 | Spider:1 | Killed an emperor scorpion
 30237 | Spider:2 | Noticed an emperor scorpion
 30258 | Spider:1 | Killed an emperor scorpion
 30291 | Spider:2 | Noticed an emperor scorpion
 30341 | Spider:1 | Killed an emperor scorpion
 30549 | Spider:2 | Reached **** piety under Jiyva
 31151 | Spider:3 | Reached XP level 16. HP: 222/222 MP: 15/15
 31316 | Spider:3 | Paralysed by a jorogumo for 1 turns
 31382 | Spider:3 | Noticed Mlioglotl
 31519 | Spider:4 | Entered Level 4 of the Spider Nest
 31710 | Spider:4 | Noticed Arachne
 31718 | Spider:4 | Slimified Arachne
 31718 | Spider:4 | Noticed Arachne
 31718 | Spider:4 | Arachne changed into Arachne the azure jelly
 32210 | Spider:4 | Got a gossamer rune of Zot
 32592 | Spider:4 | Lost mutation: You are extremely robust. (+30% HP) [Jiyva's
                  | grace]
 32592 | Spider:4 | Gained mutation: Your flesh is very heat resistant. (rF++)
                  | [Jiyva's grace]
 32592 | Spider:4 | Gained mutation: Your flesh is almost immune to the effects
                  | of heat. (rF+++) [Jiyva's grace]
 32592 | Spider:4 | Gained mutation: You have hidden genetic potential.
                  | [Jiyva's grace]
 32592 | Spider:4 | Gained mutation: You have great hidden genetic potential.
                  | [Jiyva's grace]
 32999 | Swamp:2  | Reached ***** piety under Jiyva
 34502 | Swamp:3  | Reached XP level 17. HP: 123/214 MP: 16/16
 34754 | Swamp:3  | Noticed a tentacled monstrosity
 34769 | Swamp:3  | Killed a tentacled monstrosity
 34807 | Swamp:3  | Identified the +8 executioner's axe "Ofih" {vorpal, rElec
                  | rC+ Will++ Str-2}
 35346 | Swamp:4  | Entered Level 4 of the Swamp
 35515 | Swamp:4  | Got a decaying rune of Zot
 35548 | Swamp:4  | Gained mutation: Your spells are a little harder to cast,
                  | but a little more powerful. [hidden potential]
 35640 | Swamp:4  | Lost mutation: Your flesh is almost immune to the effects
                  | of heat. (rF+++) [Jiyva's grace]
 35640 | Swamp:4  | Lost mutation: You are very robust. (+20% HP) [Jiyva's
                  | grace]
 35640 | Swamp:4  | Lost mutation: Your spells are a little harder to cast, but
                  | a little more powerful. [Jiyva's grace]
 35640 | Swamp:4  | Gained mutation: Your spells are a little harder to cast,
                  | but a little more powerful. [Jiyva's grace]
 35640 | Swamp:4  | Gained mutation: Your spells are harder to cast, but more
                  | powerful. [Jiyva's grace]
 35640 | Swamp:4  | Gained mutation: Your spells are much harder to cast, but
                  | much more powerful. [Jiyva's grace]
 35640 | Swamp:4  | Gained mutation: Your mind is acute. (Int +2) [Jiyva's
                  | grace]
 36324 | Elf:1    | Entered Level 1 of the Elven Halls
 36469 | Elf:1    | Noticed Agnes
 36473 | Elf:1    | Killed Agnes
 37211 | Elf:1    | Identified the +0 pair of gloves of Buonuv {*Corrode Will+
                  | Int+4 Slay+3}
 37237 | Elf:1    | Got the Volume of Attacks and Creation
 37248 | Elf:1    | Reached ****** piety under Jiyva
 37666 | Slime:5  | Got a slimy rune of Zot
 37669 | Slime:5  | Identified the +1 pair of boots "Maso" {Rampage rC- Will-
                  | Str+7}
 37685 | Slime:5  | Got the Almanac of Flamy Malediction
 37717 | Slime:5  | Identified the ring "Goenk" {rC+ Str-3 Slay+6}
 38041 | D:13     | Reached XP level 18. HP: 213/213 MP: 17/17
 38141 | D:13     | Lost mutation: You are robust. (+10% HP) [Jiyva's grace]
 38141 | D:13     | Lost mutation: Your spells are much harder to cast, but
                  | much more powerful. [Jiyva's grace]
 38141 | D:13     | Gained mutation: You have a small jelly attached to you
                  | that senses nearby items. [Jiyva's grace]
 38141 | D:13     | Gained mutation: You expend magic power (3 MP) to
                  | strengthen your wands. [Jiyva's grace]
 38141 | D:13     | Gained mutation: You are covered in slimy tendrils that may
                  | disarm your opponents. [Jiyva's grace]
 38141 | D:13     | Gained mutation: Armour fits poorly on your pseudopods.
                  | [Jiyva's grace]
 38895 | D:14     | Found a basalt altar of Yredelemnul.
 39092 | D:14     | Found a gate to the Vaults.
 39240 | D:14     | Identified the +3 war axe of Conscience {vorpal, Fragile
                  | Fly rElec rN+}
 39497 | D:15     | Entered Level 15 of the Dungeon
 39853 | D:15     | Lost mutation: Your flesh is very heat resistant. (rF++)
                  | [Jiyva's grace]
 39853 | D:15     | Lost mutation: You have great hidden genetic potential.
                  | [Jiyva's grace]
 39853 | D:15     | Lost mutation: You have hidden genetic potential. [Jiyva's
                  | grace]
 39853 | D:15     | Gained mutation: You are somewhat resistant to further
                  | mutation. [Jiyva's grace]
 39853 | D:15     | Gained mutation: You are somewhat resistant to both further
                  | mutation and mutation removal. [Jiyva's grace]
 39853 | D:15     | Gained mutation: You are almost entirely resistant to
                  | further mutation and mutation removal. [Jiyva's grace]
 39853 | D:15     | Gained mutation: You are covered in fur. (AC +1) [Jiyva's
                  | grace]
 39976 | D:15     | Found a staircase to the Depths.
 40226 | Vaults:1 | Entered Level 1 of the Vaults
 40271 | Vaults:1 | Reached skill level 27 in Fighting
 40402 | Vaults:1 | Reached skill level 1 in Dodging
 40461 | Vaults:1 | Noticed a Brimstone Fiend
 40467 | Vaults:1 | Noticed an ancient lich
 40945 | Vaults:1 | Noticed a Tzitzimitl
 41146 | Vaults:1 | Noticed a Brimstone Fiend
 41443 | Vaults:1 | Killed an ancient lich
 41444 | Vaults:1 | Reached skill level 5 in Dodging
 41664 | Vaults:1 | Reached XP level 19. HP: 152/207 MP: 18/18
 42365 | Vaults:2 | Found a crumbling gateway.
 42376 | Desolati | Entered the Desolation of Salt
 42505 | Desolati | Identified the amulet "Jimueticia" {Acrobat rElec Will+
                  | MP+9 Stlth-}
 42561 | Desolati | Identified the ring "Hiexkopa" {rF+ rC- rN+ rCorr Str+7}
 42574 | Desolati | Identified the ring of Harmony {Ice Str+4 Int-3 Dex+9}
 42639 | Desolati | Lost mutation: You expend magic power (3 MP) to strengthen
                  | your wands. [Jiyva's grace]
 42639 | Desolati | Gained mutation: You are agile. (Dex +2) [Jiyva's grace]
 42639 | Desolati | Gained mutation: You are very agile. (Dex +4) [Jiyva's
                  | grace]
 42639 | Desolati | Gained mutation: You have large cloven feet. [Jiyva's
                  | grace]
 42639 | Desolati | Gained mutation: You have hoof-like feet. [Jiyva's grace]
 42734 | Desolati | Identified the ring "Xoedi" {Fire Will+}
 42739 | Desolati | Identified the ring of Lielaesh {rC+ Dex+5}
 42772 | Desolati | Identified the ring of Rimumy {Contam rElec rCorr AC+4}
 42835 | Desolati | Identified the +6 spear "Pumeqed" {vorpal, *Corrode rElec
                  | Dex+5 Stlth+}
 42866 | Desolati | Identified the amulet "Pukeoroh" {rC+ rN+ Regen+}
 43059 | Desolati | Got the Papyrus of Toxins
 43084 | Desolati | Got the Reference Book on Cold
 44047 | Vaults:2 | Reached XP level 20. HP: 111/216 MP: 19/19
 44342 | Vaults:2 | Reached skill level 10 in Dodging
 44760 | Vaults:3 | Reached skill level 27 in Armour
 44944 | Vaults:3 | Lost mutation: Your mind is acute. (Int +2) [Jiyva's grace]
 44944 | Vaults:3 | Lost mutation: You are covered in slimy tendrils that may
                  | disarm your opponents. [Jiyva's grace]
 44944 | Vaults:3 | Gained mutation: You are strong-willed. (Will+) [Jiyva's
                  | grace]
 44944 | Vaults:3 | Gained mutation: You are highly strong-willed. (Will++)
                  | [Jiyva's grace]
 44944 | Vaults:3 | Gained mutation: You are extremely strong-willed. (Will+++)
                  | [Jiyva's grace]
 44944 | Vaults:3 | Gained mutation: Your movements are slightly less
                  | encumbered by armour. (ER -2) [Jiyva's grace]
 45091 | Vaults:3 | Found a staircase to the Crypt.
 45091 | Vaults:3 | Found an ancient bone altar of Kikubaaqudgha.
 45091 | Vaults:3 | Found a basalt altar of Yredelemnul.
 45892 | Vaults:4 | Identified the +9 shortbow "Jiocoj" {flame, +Blink rF-
                  | Will+ Dex+3}
 46298 | Vaults:4 | Found Bekixi's Book Boutique.
 46811 | Vaults:4 | Lost mutation: You have hoof-like feet. [Jiyva's grace]
 46811 | Vaults:4 | Lost mutation: You are extremely strong-willed. (Will+++)
                  | [Jiyva's grace]
 46811 | Vaults:4 | Lost mutation: You are almost entirely resistant to further
                  | mutation and mutation removal. [Jiyva's grace]
 46811 | Vaults:4 | Gained mutation: Your rubbery body absorbs attacks. (AC +1,
                  | EV +1) [Jiyva's grace]
 46811 | Vaults:4 | Gained mutation: Your pliable body absorbs attacks. (AC +2,
                  | EV +2) [Jiyva's grace]
 46811 | Vaults:4 | Gained mutation: Your gelatinous body deflects attacks. (AC
                  | +3, EV +3) [Jiyva's grace]
 46811 | Vaults:4 | Gained mutation: You have a pair of large horns on your
                  | head. [Jiyva's grace]
 47125 | Orc:2    | Bought a potion of curing for 42 gold pieces
 47423 | Depths:1 | Entered Level 1 of the Depths
 47680 | Depths:1 | Found a snail-covered altar of Cheibriados.
 48062 | Depths:1 | Found a gateway to Hell.
 48118 | Depths:1 | Found Gidocili's Book Shoppe.
 48118 | Depths:1 | Found Riliatt's Jewellery Shop.
 48119 | Depths:1 | Found Peihaul's Jewellery Shop.
 48132 | Depths:1 | Bought the ring of the Tortoise {AC+8} for 1408 gold pieces
 48132 | Depths:1 | Found the ring of the Tortoise {AC+8}
 48511 | Depths:2 | Reached XP level 21. HP: 224/224 MP: 20/20
 48538 | Depths:2 | Found a one-way gateway to a ziggurat.
 48705 | Depths:2 | Noticed a caustic shrike
 48716 | Depths:2 | Killed a caustic shrike
 48763 | Depths:2 | Found the +3 Elemental Staff {rElec rF++ rC++ AC+5}
 49026 | Depths:2 | Found a one-way gate leading to the halls of Pandemonium.
 49041 | Depths:2 | Gained mutation: You tend to lose your temper in combat. [a
                  | neqoxec]
 49419 | Depths:2 | Found a one-way gate to the infinite horrors of the Abyss.
 49959 | Depths:3 | Found a stormy altar of Qazlal.
 50201 | Depths:3 | Found a shadowy altar of Dithmenos.
 50202 | Depths:3 | Lost mutation: You are very agile. (Dex +4) [Jiyva's grace]
 50202 | Depths:3 | Lost mutation: You are somewhat resistant to both further
                  | mutation and mutation removal. [Jiyva's grace]
 50202 | Depths:3 | Lost mutation: You are covered in fur. (AC +1) [Jiyva's
                  | grace]
 50202 | Depths:3 | Lost mutation: Your spells are harder to cast, but more
                  | powerful. [Jiyva's grace]
 50202 | Depths:3 | Lost mutation: You have a small jelly attached to you that
                  | senses nearby items. [Jiyva's grace]
 50202 | Depths:3 | Lost mutation: Your movements are slightly less encumbered
                  | by armour. (ER -2) [Jiyva's grace]
 50202 | Depths:3 | Gained mutation: You are somewhat resistant to both further
                  | mutation and mutation removal. [Jiyva's grace]
 50202 | Depths:3 | Gained mutation: You are almost entirely resistant to
                  | further mutation and mutation removal. [Jiyva's grace]
 50202 | Depths:3 | Gained mutation: Your muscles are strong. (Str +2) [Jiyva's
                  | grace]
 50202 | Depths:3 | Gained mutation: Your muscles are very strong. (Str +4)
                  | [Jiyva's grace]
 50597 | Depths:3 | Identified the ring of Demons {rElec Will+}
 51050 | Depths:4 | Entered Level 4 of the Depths
 51280 | Depths:4 | Found a gate to the Realm of Zot.
 51280 | Depths:4 | Noticed a golden dragon
 51280 | Depths:4 | Noticed a golden dragon
 51284 | Depths:4 | Killed a golden dragon
 51308 | Depths:4 | Killed a golden dragon
 51402 | Depths:4 | Found a radiant altar of Vehumet.
 51555 | Depths:4 | Noticed a juggernaut
 51558 | Depths:4 | Noticed a juggernaut
 51570 | Depths:4 | Killed a juggernaut
 51571 | Depths:4 | Reached XP level 22. HP: 218/233 MP: 21/21
 51578 | Depths:4 | Killed a juggernaut
 51718 | Depths:4 | Found Foni's Distillery.
 51727 | Depths:4 | Bought a potion of curing for 57 gold pieces
 51727 | Depths:4 | Bought a potion of curing for 57 gold pieces
 51727 | Depths:4 | Bought a potion of curing for 57 gold pieces
 51727 | Depths:4 | Bought a potion of haste for 190 gold pieces
 51727 | Depths:4 | Bought a potion of resistance for 190 gold pieces
 51872 | Depths:4 | Found a runed translucent door.
 51874 | Depths:4 | Noticed an ancient lich
 51875 | Depths:4 | Found a radiant altar of Vehumet.
 51889 | Depths:4 | Killed an ancient lich
 52175 | Depths:4 | Got Asmodeus's Guide on Attacks
 52666 | Elf:2    | Paralysed by an air elemental for 1 turns
 53079 | Elf:2    | Upgraded the game from 0.28-a0-1638-g9123634e07 to
                  | 0.29-a0-2-g12fcac58f8
 53154 | Elf:2    | Found a runed translucent gate.
 53157 | Elf:2    | Found a runed translucent gate.
 53157 | Elf:2    | Found a runed translucent gate.
 53475 | Elf:3    | Entered Level 3 of the Elven Halls
 53502 | Elf:3    | Reached skill level 27 in Axes
 53576 | Elf:3    | Found Pavoocup's Assorted Antiques.
 53580 | Elf:3    | Found Sealus's Magic Scroll Boutique.
 53581 | Elf:3    | Found Nach's General Store.
 53610 | Elf:3    | Noticed Roxanne
 53616 | Elf:3    | Paralysed by an air elemental for 1 turns
 53622 | Elf:3    | Killed Roxanne
 53662 | Elf:3    | Lost mutation: You are agile. (Dex +2) [Jiyva's grace]
 53662 | Elf:3    | Lost mutation: You tend to lose your temper in combat.
                  | [Jiyva's grace]
 53662 | Elf:3    | Lost mutation: You are highly strong-willed. (Will++)
                  | [Jiyva's grace]
 53662 | Elf:3    | Lost mutation: You are almost entirely resistant to further
                  | mutation and mutation removal. [Jiyva's grace]
 53662 | Elf:3    | Lost mutation: Your muscles are very strong. (Str +4)
                  | [Jiyva's grace]
 53662 | Elf:3    | Lost mutation: Your gelatinous body deflects attacks. (AC
                  | +3, EV +3) [Jiyva's grace]
 53662 | Elf:3    | Gained mutation: You are agile. (Dex +2) [Jiyva's grace]
 53662 | Elf:3    | Gained mutation: You are very agile. (Dex +4) [Jiyva's
                  | grace]
 53662 | Elf:3    | Gained mutation: You are almost entirely resistant to
                  | further mutation and mutation removal. [Jiyva's grace]
 53662 | Elf:3    | Gained mutation: You have an increased reservoir of magic.
                  | (+10% MP) [Jiyva's grace]
 53996 | Elf:3    | Identified the +3 dire flail of Past Mistakes {freeze,
                  | *Rage rC++ Int+3 Stlth+}
 54173 | Elf:3    | Identified the +6 rapier "Foagodghi" {drain, rF+ Int+7}
 54176 | Elf:3    | Reached skill level 15 in Dodging
 54291 | Elf:3    | Identified the -5 buckler of the Turtle {rElec}
 54292 | Elf:3    | Identified the ring of Dogma {rC+ Will+ MP+9 Dex+7}
 54296 | Elf:3    | Identified the +4 leather armour of Wonder {rElec Will+}
 54298 | Elf:3    | Identified the +6 quarterstaff "Dragonbane" {freeze, Int+2}
 54332 | Elf:3    | Identified the +6 hunting sling of Certain Death {freeze,
                  | rElec rC+ Str-5 Int+5}
 54417 | Elf:3    | Bought a wand of iceblast (5) for 126 gold pieces
 55495 | Zot:1    | Entered Level 1 of the Realm of Zot
 55517 | Zot:1    | Reached XP level 23. HP: 212/240 MP: 24/24
 55547 | Zot:1    | Found a transporter.
 55549 | Zot:1    | Found a transporter.
 55770 | Zot:1    | Noticed an orb of fire
 55940 | Depths:4 | Killed an orb of fire
 55946 | Zot:1    | Identified the +8 scimitar of Hubris {vorpal, Str+3}
 56161 | Zot:1    | Found a transporter.
 56162 | Zot:1    | Found a transporter.
 56190 | Zot:1    | Found a transporter.
 56249 | Zot:1    | Found a transporter.
 56839 | Zot:2    | Identified 2 scrolls of acquirement
 57100 | Zot:2    | Found the ring of the Octopus King
 57164 | Zot:2    | Identified a ring of the Octopus King {rC+ AC+1 EV+1 Str+1
                  | Int+1 Dex+1}
 57663 | Zot:3    | Reached XP level 24. HP: 221/249 MP: 24/24
 57709 | Zot:3    | Lost mutation: You are almost entirely resistant to further
                  | mutation and mutation removal. [Jiyva's grace]
 57709 | Zot:3    | Lost mutation: Your muscles are strong. (Str +2) [Jiyva's
                  | grace]
 57709 | Zot:3    | Gained mutation: Your gelatinous body deflects attacks. (AC
                  | +3, EV +3) [Jiyva's grace]
 57709 | Zot:3    | Gained mutation: You are highly strong-willed. (Will++)
                  | [Jiyva's grace]
 57709 | Zot:3    | Gained mutation: You are extremely strong-willed. (Will+++)
                  | [Jiyva's grace]
 57709 | Zot:3    | Gained mutation: You possess an exceptional clarity of
                  | mind. [Jiyva's grace]
 58038 | Zot:3    | Got the Incunabulum of the Bard
 58474 | Zot:4    | Noticed an orb of fire
 58480 | Zot:4    | Killed an orb of fire
 59514 | Zot:5    | Entered Level 5 of the Realm of Zot
 59800 | Zot:5    | Noticed an ancient lich
 59802 | Zot:5    | Noticed an ancient lich
 59813 | Zot:5    | Noticed an orb of fire
 59825 | Zot:5    | Noticed a Killer Klown
 59830 | Zot:5    | Noticed an orb of fire
 59848 | Zot:4    | Killed an orb of fire
 59930 | Zot:5    | Killed an ancient lich
 59940 | Zot:5    | Noticed a Killer Klown
 59950 | Zot:5    | Killed a Killer Klown
 59983 | Zot:4    | Killed an orb of fire
 60055 | Zot:5    | Killed an ancient lich
 60209 | Zot:5    | Noticed a Killer Klown
 60229 | Zot:5    | Killed a Killer Klown
 60289 | Zot:5    | Noticed a Killer Klown
 60308 | Zot:5    | Killed a Killer Klown
 60330 | Zot:5    | Reached XP level 25. HP: 257/257 MP: 24/24
 60343 | Zot:5    | Killed a Killer Klown
 60460 | Zot:5    | Noticed a dread lich
 60469 | Zot:5    | Killed a dread lich
 60477 | Zot:5    | Noticed a Killer Klown
 60491 | Zot:5    | Noticed an orb of fire
 60501 | Zot:5    | Killed an orb of fire
 60501 | Zot:5    | Noticed an orb of fire
 60502 | Zot:5    | Noticed an orb of fire
 60506 | Zot:5    | Noticed a dread lich
 60506 | Zot:5    | Noticed a Killer Klown
 60508 | Zot:5    | Noticed a Killer Klown
 60509 | Zot:5    | Noticed a Killer Klown
 60512 | Zot:5    | Noticed a Killer Klown
 60515 | Zot:5    | Killed an orb of fire
 60515 | Zot:5    | Noticed a Killer Klown
 60520 | Zot:5    | Noticed a Killer Klown
 60524 | Zot:5    | Killed a dread lich
 60524 | Zot:5    | Killed a Killer Klown
 60525 | Zot:5    | Gained mutation: You are dopey. (Int -2) [an orb of fire]
 60528 | Zot:5    | Killed an orb of fire
 60535 | Zot:5    | Killed from afar by a Killer Klown

Illustrated notes

Levels and vault maps discovered:
D:1:      eino_arrival_water_cross, layout_loops_corners,
          dreamdust_ecumenical_altar_angels_and_demons,
          chequers_serial_rivers_small_a, nicolae_figureground_pulse
D:2:      layout_basic, lemuel_flame_loot_1
D:3:      kennysheep_big_flooded_room, layout_loops_corners,
          nicolae_overflow_crystal_walls, serial_shops, nicolae_shop_crystal,
          chequers_serial_rivers_small_3
D:4:      layout_basic, nicolae_tso_swordbearing_angel, temple_fountains,
          serial_shops, nicolae_shop_stone, uniq_sigmund
D:5:      layout_rooms, serial_aquarium, aquarium_bridge_square
          [aquarium_subvault_bridge, aquarium_subvault_bridge,
          aquarium_subvault_window, aquarium_subvault_bridge],
          aquarium_bridge_square [aquarium_subvault_bridge,
          aquarium_subvault_bridge, aquarium_subvault_bridge,
          aquarium_subvault_window], aquarium_window_2, aquarium_window_fake,
          aquarium_window_3, aquarium_window_2, aquarium_view_2d,
          aquarium_pool_2, uniq_crazy_yiuf_cottage
D:6:      layout_loops_ring, serial_glass, glass_columns_a, glass_columns_a,
          gup_sewer_entry_bowl, grunt_ministairs_1,
          chequers_serial_rivers_room_b
D:7:      nicolae_cairo_tiling_large, layout_loops_ring
D:8:      layout_basic
D:9:      layout_loops_ring, serial_shops, nicolae_take_the_stairs, shop,
          nicolae_shop_crystal
D:10:     layout_layer_cave, tgw_xom, minitemple, orc_0_dummy,
          serial_bayou_crossing
D:11:     layout_irregular_city, grunt_lair_entry_orc_guard_hut
D:12:     layout_basic, uniq_nessos, uniq_jorgrun
D:13:     layout_roguey
D:14:     layout_roguey, ximxim_vaults_locker_room, serial_bayou_shore_a,
          nicolae_yredelemnul_corpse_copse
D:15:     grunt_enter_depths_snipers, layout_gridville,
          roderic_lattice_octagonal_star
Lair:1:   layout_chaotic_city, gammafunk_ghost_hydra_chop, serial_bayou_shore_b
Lair:2:   layout_misc_corridors, grunt_forest_large_clearing_hut,
          serial_bayou_shore_b
Lair:3:   layout_roguey, dummy_spider_entry, beast_lair_carwin_2,
          grunt_megastairs_1
Lair:4:   layout_regular_city, nicolae_swamp_entry_splash_gauntlet,
          chequers_serial_rivers_small_b, serial_bayou_shore_b
Lair:5:   layout_gridlike, nzn_sisyphean_effort
Lair:6:   wormcave, layout_regular_city, hangedman_lair_in_review,
          slime_altar_1, ebering_ghost_disaster_area
Swamp:1:  layout_basic_swamp, evilmike_swamp_ruin_rubble_2, swamp_pool5,
          st_swamp_ruins_4
Swamp:2:  layout_falls_marsh, nicolae_swamp_tree_designs, swamp_pool2,
          hangedman_swamp_lotus
Swamp:3:  nicolae_swamp_flooded_prison, layout_basic_swamp,
          nicolae_swamp_dense_foliage
Swamp:4:  swamp_fiery, layout_basic_swamp
Spider:1: layout_spider_delve, drop_trap
Spider:2: layout_spider_delve
Spider:3: layout_spider_delve, uniq_mlioglotl
Spider:4: hellmonk_spider_rune_endless_swarm, uniq_arachne
Slime:1:  layout_caves
Slime:2:  layout_caves, basic_altar
Slime:3:  layout_caves
Slime:4:  layout_caves
Slime:5
Orc:1:    layout_caves
Orc:2:    st_orc_town, layout_diamond_mine
Elf:1:    eino_elf_arrival_the_gate, layout_geoelf_diagonals,
          minmay_elf_sorcery, uniq_agnes
Elf:2:    nicolae_elf_blades_crystal_corner, layout_rooms, billiards_dpeg
Elf:3:    elf_hall, layout_rooms, serial_glass, glass_columns_b,
          glass_columns_a, minmay_shop_star, uniq_roxanne
Vaults:1: vaults_room_pool, grunt_vaults_twisty,
          nicolae_vaults_twisting_passages, v_misc_26, vaults_room_grid,
          nicolae_vaults_asterisk, ontoclasm_vaults_hangar, v_misc_3,
          vaults_standard_mumra_x, hangedman_vaults_snaps,
          ontoclasm_vaults_decontamination, nicolae_vaults_specimen_jars,
          st_check, grunt_vaults_hallway_short, nicolae_vaults_little_squares_3,
          layout_vaults_big_cross
Vaults:2: portal_desolation_entry_nicolae_nacl, v_misc_30,
          hangedman_vaults_maws, vaults_room_boxed,
          nicolae_vaults_little_squares_4, hangedman_vaults_nodes,
          ontoclasm_vaults_twist, vaults_dpeg_ring, vaults_room_octagon,
          ontoclasm_vaults_pinch, hangedman_vaults_locks,
          hangedman_vaults_cutoff, layout_vaults_maze
Vaults:3: v_misc_31, v_misc_1, vaults_room_corners, nicolae_vaults_puzzle_piece,
          minmay_crypt_entry_necro_gods, vaults_mumra_lcd,
          layout_vaults_big_room
Vaults:4: hangedman_vaults_maws, nicolae_vaults_angled_halls,
          nicolae_vaults_shelves_hall, vaults_room_pool, vaults_dpeg_diagonal,
          layout_vaults_omnigrid, serial_shops, nicolae_shop_stone
Depths:1: layout_cave_shapes, hell_entry, chequers_decorated_corner,
          slow_altar_1, grunt_megastairs_3, minmay_shop_grove,
          serial_bayou_shore_b
Depths:2: hourglass_vault, layout_twisted_cross, ziggurat_fallback,
          abyss_entry_small_statue_room, grunt_pan_entry_sceptre,
          pf_coc_iceberg, infiniplex_staircase_pillars_1
Depths:3: wad_mega_maze, layout_honeycomb,
          nicolae_dithmenos_through_a_glass_darkly,
          pf_vacation_house_of_asmodeus, rand_demon_pan_entry_4, abyss_entry,
          grunt_qazlal_clouds, minmay_staircase_windowed_large
Depths:4: grunt_twist_and_shout, layout_gridlike, lemuel_doored_altar,
          serial_shops, nicolae_square_shop, hell_entry,
          grunt_absolute_annihilation
Zot:1:    cheibrodos_zot_enchanting_chambers, layout_misc_corridors,
          serial_nicolae_subway, nicolae_sub_station_stone,
          nicolae_sub_station_metal, nicolae_sub_station_crystal
Zot:2:    layout_basic, st_small_dragon_hoard_3
Zot:3:    layout_twisted_circle, grunt_ministairs_9, hangedman_zot_decor_slant
Zot:4:    layout_basic
Zot:5:    layout_misc_corridors, grunt_ministairs_1

Skill      XL: |  1  2  3  4  5  6  7  8  9 10 11 12 13 14 15 16 17 18 19 20 21 22 23 24 25 |
---------------+----------------------------------------------------------------------------+-----
Fighting       | 4 5 6 8 10 12 13 15 16 20 22 23 25 27 | 27.0
Armour         | 4 5 6 8 10 12 13 15 18 22 23 24 26 27 | 27.0
Shields        | 4 5 |  5.8
Axes           | 3 4 5 6 8 9 11 13 15 16 18 22 25 27 | 27.0
Dodging        | 5 9 10 11 15 21 25 26 | 26.4

Action                   |  1- 3 |  4- 6 |  7- 9 | 10-12 | 13-15 | 16-18 | 19-21 | 22-24 | 25-27 || total
-------------------------+-------+-------+-------+-------+-------+-------+-------+-------+-------++-------
Melee: War axe           |    93 |    61 |    74 |       |       |       |       |       |       ||   228
       Headbutt          |     9 |    13 |    50 |   132 |   230 |   285 |   351 |   385 |    23 ||  1478
       Hand axe          |       |       |   173 |       |       |       |       |       |       ||   173
       Battleaxe         |       |       |    12 |   571 |   938 |   473 |       |       |       ||  1994
       Dire flail        |       |       |       |    17 |       |       |       |       |       ||    17
       Executioner's axe |       |       |       |       |       |   622 |  1135 |  1258 |    65 ||  3080
       Pseudopods        |       |       |       |       |       |    96 |   343 |   340 |    21 ||   800
Throw: Boomerang         |       |       |       |     9 |     2 |       |       |       |       ||    11
Invok: Slimify           |       |       |       |       |       |     1 |       |       |       ||     1
Evoke: Wand              |       |       |       |       |       |     3 |     1 |       |       ||     4
  Use: Scroll            |       |     4 |     8 |    11 |    15 |    10 |     7 |     4 |     3 ||    62
       Potion            |       |       |     1 |     8 |     7 |     5 |     2 |       |       ||    23
 Stab: Petrified         |       |       |       |       |     3 |       |       |       |       ||     3
       Petrifying        |       |       |       |       |     1 |       |       |       |       ||     1
       Distracted        |       |       |       |       |     3 |     1 |       |     1 |       ||     5
       Confused          |       |       |       |       |       |     1 |       |       |       ||     1
Armor: Scale mail        |    22 |       |       |       |       |       |       |       |       ||    22
       Plate armour      |    21 |    34 |   180 |   558 |  1099 |  1170 |   777 |   270 |       ||  4109
       Gold dragon scale |       |       |       |       |       |       |       |   522 |    30 ||   552
Dodge: Dodged            |    40 |    23 |    90 |   238 |   439 |   459 |   690 |   876 |    34 ||  2889
Block: Buckler           |    20 |     8 |    54 |       |       |       |       |       |       ||    82

Table legend: (Time is in decaauts)
 A = Elapsed time spent in this place.
 B = Non-inter-level travel time spent in this place.
 C = Inter-level travel time spent in this place.
 D = Time resting spent in this place.
 E = Time spent auto-exploring this place.
 F = Levels seen in this place.
 G = Mean time per level.
                   A        B        C        D        E       F      G
               +--------+--------+--------+--------+--------+-----+--------+
         Total |  60498 |  56222 |   4276 |   8959 |  30564 |  58 | 1043.1 |
       Dungeon |  18620 |  17006 |   1614 |   3519 |  11026 |  15 | 1241.3 |
          Lair |   7744 |   6645 |   1099 |    827 |   4413 |   6 | 1290.7 |
         Swamp |   4635 |   4468 |    167 |    820 |   2213 |   4 | 1158.8 |
   Spider Nest |   4081 |   3888 |    193 |    648 |   2063 |   4 | 1020.2 |
    Slime Pits |   1454 |   1225 |    229 |      0 |   1068 |   5 |  290.8 |
  Orcish Mines |   4249 |   3987 |    262 |   1580 |    962 |   2 | 2124.5 |
   Elven Halls |   2965 |   2726 |    239 |     40 |   1424 |   3 |  988.3 |
        Vaults |   5551 |   5415 |    136 |    491 |   2541 |   4 | 1387.8 |
        Depths |   5325 |   5023 |    302 |    459 |   2760 |   4 | 1331.2 |
           Zot |   4468 |   4437 |     31 |    449 |   1647 |   5 |  893.6 |
         Abyss |    148 |    148 |      0 |      6 |      0 |   4 |   37.0 |
         Sewer |    232 |    232 |      0 |      0 |    162 |   1 |  232.0 |
    Desolation |   1020 |   1020 |      0 |    119 |    282 |   1 | 1020.0 |
               +--------+--------+--------+--------+--------+-----+--------+

Top non-repeatable levels by time:
   Orc:2: 3209 daAuts
    D:10: 2470 daAuts
    D:11: 2112 daAuts
Vaults:1: 2001 daAuts
  Lair:6: 1731 daAuts
 Swamp:3: 1647 daAuts
Depths:4: 1600 daAuts
Spider:1: 1588 daAuts
Depths:3: 1572 daAuts
  Lair:4: 1554 daAuts
     D:6: 1536 daAuts
  Lair:1: 1385 daAuts
Vaults:2: 1319 daAuts
    D:12: 1267 daAuts
 Swamp:1: 1233 daAuts
